 Dungeon Crawl Stone Soup version 0.20.0-8-g6b59dc7 (webtiles) character file.

1666 Gorglomux the Skirmisher (level 9, -5/86 HPs)
             Began as a Naga Wanderer on June 1, 2017.
             Was an Initiate of Gozag.
             Slain by a silent spectre (8 damage)
             ... on level 1 of the Abyss.
             The game lasted 00:14:27 (6329 turns).

Gorglomux the Skirmisher (Naga Wanderer)            Turns: 6329, Time: 00:14:28

Health: -5/86      AC: 10    Str: 16    XL:     9   Next: 1%
Magic:  0/3        EV:  7    Int: 14    God:    Gozag
Gold:   500        SH:  0    Dex:  8    Spells: 10/10 levels left

rFire    . . .     SeeInvis +   E - +0 hand axe (antimagic)
rCold    . . .     Gourm    .   (no shield)
rNeg     + . .     Faith    .   F - +0 scale mail {rN+}
rPois    +         Spirit   +   (no helmet)
rElec    .         Reflect  .   (no cloak)
rCorr    .         Harm     .   V - +2 pair of gloves
MR       +....                  (no barding)
Stlth    ++........             X - amulet of guardian spirit
Regen    0.0/turn               L - -3 ring of dexterity
MPRegen  0.1/turn               (no ring)

@: silenced, very slow
A: see invisible, deformed body, poison resistance, slowness 2, [inhibited
regeneration], slow metabolism 1, spit poison 1, AC +3
a: Spit Poison, Renounce Religion


You were on level 1 of the Abyss.
You worshipped Gozag.
Gozag was pleased with you.
You were very hungry.

You visited 1 branch of the dungeon, and saw 6 of its levels.
You visited the Abyss 1 time.
You also visited: Ossuary.

You collected 566 gold pieces.
You paid 66 gold pieces to Gozag.

Inventory:

Hand Weapons
 a - a +2 shortbow
 b - a +2 dagger of draining
 E - a +0 antimagic hand axe (weapon)
Missiles
 I - 12 arrows
Armour
 D - a +0 plate armour
 F - a +0 scale mail of positive energy (worn)
 V - a +2 pair of gloves (worn)
Jewellery
 L - a -3 ring of dexterity (left hand)
 X - an amulet of guardian spirit (around neck)
Wands
 S - a wand of scattershot (0/9)
Scrolls
 G - a scroll of immolation
 J - 2 scrolls of enchant weapon {unknown}
 K - 2 scrolls of recharging {unknown}
 M - 2 scrolls of magic mapping
 O - 3 scrolls of remove curse
 P - a scroll of random uselessness {unknown}
 R - a scroll of identify
 U - a scroll of enchant armour {unknown}
 Y - a scroll of amnesia {unknown}
Potions
 H - a potion of magic
 Q - a potion of curing
Books
 N - a book of Frost

   Spells                             Type                      Level
   a - Freeze                         Ice                          1
   b - Throw Frost                    Conjuration/Ice              2
   c - Ozocubu's Armour               Charms/Ice                   3
   d - Throw Icicle                   Conjuration/Ice              4
   e - Summon Ice Beast               Ice/Summoning                4
Comestibles
 f - 3 bread rations
 W - 4 royal jellies
 Z - 4 fruits


   Skills:
 + Level 7.4 Fighting
 - Level 2.6 Bows
 - Level 1.7 Throwing
 + Level 5.0 Armour
 - Level 7.0 Stealth
 - Level 1.0 Spellcasting
   Level 2.0 Fire Magic
 + Level 3.0 Evocations


You had 10 spell levels left.
You didn't know any spells.

Dungeon Overview and Level Annotations

Branches:
Dungeon (6/15)             Temple (0/1) D:6

Altars:
Elyvilon
Fedhas
Gozag
Makhleb
Okawaru

Shops:
D:5 =


Innate Abilities, Weirdness & Mutations

You cannot wear boots.
Your serpentine skin is tough. (AC +3)
You have supernaturally acute eyesight. (SInv)
Armour fits poorly on your strangely shaped body.
Your system is resistant to poisons. (rPois)
You cover ground very slowly.
You have a slow metabolism.
You can spit poison.
[You do not regenerate when monsters are visible.]


Message History

Wield which item (- for none, * to show all)? (? for menu, Esc to quit)
You feel magic leave you.
E - a +0 antimagic hand axe (weapon)
You hit the silent spectre but do no damage.
The silent spectre is lightly damaged.
The silent spectre closely misses you.
You closely miss the silent spectre.
The silent spectre is lightly damaged.
The silent spectre hits you but does no damage.
The silent spectre hits you.
* * * LOW HITPOINT WARNING * * *
You hit the silent spectre but do no damage.
The silent spectre is lightly damaged.
The silent spectre hits you.
* * * LOW HITPOINT WARNING * * *
You miss the silent spectre.
The silent spectre is lightly damaged.
The silent spectre hits you!
You die...
Your body crumbles into a pile of gold.

. # . . #
.. #.# . #
.. #.# # #
. . ..# #.
. # . #..
.#... . #
#..#. ####
.
#..W#.##.#
####@....#
.
#.##.#..#
### ### .#
#


You could see a silent spectre.

Vanquished Creatures
  The ghost of cereshysteria the Purveyor of Pain, a novice HONe of Kikubaaqudgha (D:6)
  An ice beast (D:5)
  3 ogres
  A phantom (D:6)
  The ghost of Yermak the Poker, an amateur TeWr of Ashenzari (D:4)
  A scorpion (D:5)
  2 bullfrog zombies (D:5)
  3 orc priests
  A centaur zombie (D:3)
  A bullfrog skeleton (D:4)
  A hound (D:4)
  4 orc wizards
  A centaur skeleton (D:4)
  3 iguanas
  3 worker ants
  Ijyb (D:3)
  A mummy (Ossuary)
  9 adders
  7 gnolls
  2 oozes
  An adder skeleton (D:4)
  4 dart slugs
  5 leopard geckos
  18 orcs
  4 giant cockroaches
  6 goblins
  7 hobgoblins
  9 kobolds
  3 quokkas
  4 ball pythons (D:3)
  8 bats
  5 frilled lizards
  A hobgoblin zombie (D:4)
  2 jackal skeletons (D:4)
  5 rats
129 creatures vanquished.

Vanquished Creatures (others)
  5 starspawn tentacles (Abyss:1)
5 creatures vanquished.

Grand Total: 134 creatures vanquished

Notes
Turn   | Place    | Note
-------+----------+-------------------------------------------
     0 | D:1      | Gorglomux the Naga Wanderer began the quest for the Orb.
     0 | D:1      | Gorglomux set off with: a +2 shortbow, 22 arrows, a potion of lignification, a +0 robe, a bread ration, a scroll of teleportation
     0 | D:1      | Reached XP level 1. HP: 18/18 MP: 2/2
    39 | D:1      | Reached skill level 1 in Stealth
   281 | D:1      | Reached XP level 2. HP: 25/25 MP: 3/3
   855 | D:2      | Reached skill level 3 in Stealth
   914 | D:2      | Reached XP level 3. HP: 32/32 MP: 4/4
  1070 | D:2      | Reached XP level 4. HP: 38/40 MP: 5/5
  1568 | D:3      | Reached skill level 3 in Fighting
  1792 | D:3      | Reached XP level 5. HP: 48/49 MP: 6/6
  1886 | D:3      | Noticed Ijyb
  1969 | D:3      | Killed Ijyb
  2075 | D:3      | Noticed an ogre
  2081 | D:3      | Killed an ogre
  2081 | D:3      | Reached skill level 6 in Stealth
  2081 | D:3      | Reached XP level 6. HP: 44/57 MP: 4/7
  2588 | D:4      | Found a burning altar of Makhleb.
  2602 | D:4      | Noticed Yermak's ghost (amateur TeWr)
  2634 | D:4      | Killed Yermak's ghost
  2634 | D:4      | Reached XP level 7. HP: 20/66 MP: 4/8
  3020 | D:4      | Found a sand-covered staircase.
  3036 | Ossuary  | Entered an ossuary
  3482 | D:4      | Found a blossoming altar of Fedhas.
  3573 | D:5      | Entered Level 5 of the Dungeon
  3771 | D:5      | Reached skill level 3 in Armour
  3790 | D:5      | Found Heish's Jewellery Shop.
  3823 | D:5      | Reached skill level 6 in Fighting
  3843 | D:5      | Reached XP level 8. HP: 30/76 MP: 2/9
  4086 | D:5      | Found an opulent altar of Gozag.
  4143 | D:5      | Became a worshipper of Gozag Ym Sagoz the Greedy
  4970 | D:6      | Noticed cereshysteria's ghost (novice HONe)
  5043 | D:6      | Killed cereshysteria's ghost
  5377 | D:6      | Found a staircase to the Ecumenical Temple.
  5602 | D:6      | Reached XP level 9. HP: 86/86 MP: 11/11
  5609 | D:6      | Found an iron altar of Okawaru.
  5609 | D:6      | Found a white marble altar of Elyvilon.
  5690 | D:6      | Reached skill level 3 in Evocations
  5690 | D:6      | Cast into level 1 of the Abyss (gnoll sergeant)
  5694 | Abyss:1  | Found a stormy altar of Qazlal.
  5753 | Abyss:1  | Noticed a smoke demon
  5754 | Abyss:1  | Noticed a smoke demon
  5814 | Abyss:1  | Noticed a rime drake
  6027 | Abyss:1  | Noticed a wretched star
  6205 | Abyss:1  | Noticed a tentacled starspawn
  6222 | Abyss:1  | HP: 4/86 [tentacled starspawn (10)]
  6316 | Abyss:1  | Noticed a silent spectre
  6328 | Abyss:1  | HP: 3/86 [silent spectre (4)]
  6329 | Abyss:1  | Slain by a silent spectre

Skill      XL: |  1  2  3  4  5  6  7  8  9 |
---------------+----------------------------+-----
Stealth        | 2 3 4 5 6 7 |  7.0
Fighting       | 2 3 4 6 7 |  7.4
Armour         | 3 5 |  5.0
Evocations     | 2 3 |  3.0
Bows           | |  2.6
Throwing       | |  1.7
Spellcasting   | |  1.0
Fire Magic     | |  2.0

Action                   |  1- 3 |  4- 6 |  7- 9 || total
-------------------------+-------+-------+-------++-------
Melee: Dagger            |       |    14 |   287 ||   301
       Unarmed           |       |     1 |       ||     1
       Hand axe          |       |       |    87 ||    87
 Fire: Shortbow          |    79 |   164 |    38 ||   281
 Abil: Spit Poison       |     3 |     4 |    16 ||    23
Evoke: Wand              |       |       |     1 ||     1
  Use: Potion            |       |       |     6 ||     6
       Scroll            |       |       |    10 ||    10
 Stab: Sleeping          |       |       |     3 ||     3
  Eat: Chunk             |       |     4 |     5 ||     9
       Meat ration       |       |       |     1 ||     1
Armor: Robe              |     5 |       |       ||     5
       Scale mail        |     7 |    33 |   177 ||   217
       Skin              |       |     6 |    48 ||    54
Dodge: Dodged            |    11 |    37 |   103 ||   151
